Map: King Sejong Station LE

Players

Gracz

  • Race: Protoss Protoss
  • League: Bronze

PaintJob - Winner!

  • Race: Terran Terran
  • League: Silver

VOD

Have the link to the VOD?

Description

Time

  • Played on: Sept. 15, 2016, 11:22 a.m.
  • Length: 12:01
Show
View Real Time Build Order
Export as new Build Order

Gracz Protoss 

Build Orders:  

Get SALT Encoding   

  12  0:01  Probe (Chrono Boost)  
  13  0:17  Pylon  
  13  0:20  Probe (Chrono Boost)  
  14  0:43  Gateway, Probe (Chrono Boost)  
  15  0:54  Probe (Chrono Boost)  
  16  1:05  Gateway  
  16  1:10  Probe (Chrono Boost)  
  17  1:20  Probe (Chrono Boost)  
  17  1:21  Pylon  
  18  1:30  Assimilator  
  18  1:31  Probe (Chrono Boost)  
  19  1:33  Assimilator  
  19  1:39  Cybernetics Core  
  19  1:41  Probe (Chrono Boost)  
  19  1:43  Zealot  
  22  1:55  Zealot  
  24  2:06  Probe (Chrono Boost)  
  25  2:09  Warp Gate  
  25  2:13  Zealot  
  27  2:18  Probe (Chrono Boost)  
  27  2:22  Zealot  
  29  2:59  Stalker  
  31  3:48  Pylon  
  31  3:53  Forge  
  31  4:06  Stalker  
  31  4:07  Nexus  
  31  4:09  Probe (Chrono Boost)  
  34  4:14  Pylon  
  34  4:17  Pylon  
  34  4:21  Probe (Chrono Boost)  
  35  4:24  Pylon  
  35  4:27  Pylon  
  35  4:33  Probe (Chrono Boost)  
  35  4:34  Protoss Ground Weapons Level 1  
  35  4:35  Gateway  
  36  4:40  Gateway  
  37  4:45  Probe (Chrono Boost)  
  37  4:46  Assimilator  
  37  4:56  Pylon  
  37  5:27  Gateway  
  37  5:34  Stargate x2  
  37  5:38  Stargate  
  37  5:44  Pylon  
  37  5:47  Pylon  
  37  5:56  Mothership Core (Chrono Boost)  
  39  6:07  Probe (Chrono Boost)  
  40  6:17  Probe (Chrono Boost)  
  41  6:19  Void Ray  
  41  6:24  Sentry  
  47  6:28  Probe (Chrono Boost)  
  48  6:35  Protoss Ground Armor Level 1  
  48  6:38  Probe (Chrono Boost)  
  49  6:45  Protoss Air Weapons Level 1  
  49  7:15  Twilight Council  
  49  7:22  Robotics Facility x2  
  49  7:25  Robotics Facility  
  49  7:27  Gateway  
  49  7:30  Pylon  
  47  7:58  Stalker x2  
  43  7:59  Stalker x2  
  43  8:00  Stalker  
  43  8:04  Probe (Chrono Boost)  
  53  8:06  Probe (Chrono Boost)  
  53  8:17  Protoss Shields Level 1  
  53  8:28  Observer, Warp Prism  
  56  8:39  Oracle  
  59  9:10  Stalker  
  59  9:11  Stalker x2  
  59  9:12  Stalker  
  56  9:51  Stalker  
  51  9:57  Stalker  
  51  9:58  Stalker  
  42  10:03  Stalker  
  42  10:04  Stalker x2  
  39  10:32  Stalker x3  
  39  10:33  Stalker x3  
  51  10:47  Probe (Chrono Boost)  
  52  10:53  Void Ray  
  52  10:56  Observer x2  
  58  10:57  Probe (Chrono Boost)  
  55  11:08  Probe (Chrono Boost)  
  34  11:19  Stalker x2  
  34  11:22  Zealot x2  
  34  11:24  Zealot  
  34  11:25  Zealot  
  14  11:47  Stalker x2  
  14  11:58  Stalker  
Show
View Real Time Build Order
Export as new Build Order

PaintJob Terran - Winner!

Build Orders: Cyclone Opening 

Get SALT Encoding   

  12  0:01  SCV  
  13  0:13  SCV  
  14  0:17  Supply Depot  
  14  0:25  Refinery  
  14  0:28  SCV  
  15  0:40  SCV  
  16  0:52  SCV  
  17  0:57  Barracks  
  17  1:04  SCV  
  17  1:05  Refinery  
  18  1:16  SCV  
  19  1:29  SCV  
  20  1:43  Orbital Command  
  20  1:45  Reaper  
  21  1:51  Factory  
  21  2:09  Supply Depot, SCV  
  22  2:17  Barracks Tech Lab  
  22  2:22  SCV  
  23  2:32  Command Center  
  23  2:43  Barracks Tech Lab, Cyclone  
  27  2:45  SCV  
  28  3:10  SCV  
  29  3:22  SCV  
  30  3:34  SCV  
  30  3:40  Refinery  
  30  3:41  Refinery  
  31  3:44  Cyclone  
  31  3:46  SCV  
  36  3:50  Bunker, Orbital Command  
  36  4:00  Marine  
  36  4:01  Factory  
  37  4:03  SCV  
  38  4:13  Supply Depot  
  38  4:15  SCV  
  38  4:16  Cyclone  
  43  4:18  SCV  
  43  4:23  Marine  
  45  4:29  Supply Depot  
  45  4:36  SCV x2  
  47  4:40  Marine  
  48  4:48  Cyclone  
  48  4:51  Cyclone  
  48  4:52  Supply Depot  
  56  4:55  Factory  
  56  4:56  SCV  
  56  4:57  SCV  
  56  4:58  Marine  
  59  5:08  SCV  
  59  5:09  SCV  
  61  5:20  Cyclone, SCV  
  66  5:21  SCV  
  67  5:33  SCV  
  67  5:34  Command Center  
  68  5:39  Cyclone  
  68  5:40  Supply Depot  
  72  5:43  Supply Depot, SCV  
  72  5:45  SCV  
  74  5:59  Cyclone  
  74  6:00  Factory Tech Lab  
  74  6:02  SCV x2  
  79  6:11  Engineering Bay  
  79  6:14  Cyclone  
  83  6:27  Cyclone  
  87  6:32  Refinery  
  87  6:33  Barracks Tech Lab  
  87  6:34  Refinery  
  87  6:37  Factory  
  87  6:41  Missile Turret  
  87  6:44  Missile Turret  
  87  6:45  Missile Turret  
  87  6:47  Missile Turret  
  87  6:48  Missile Turret  
  87  6:52  Missile Turret  
  87  6:57  Orbital Command  
  87  7:08  Cyclone  
  91  7:13  Cyclone  
  95  7:16  SCV x2  
  97  7:24  Cyclone  
  101  7:36  Cyclone  
  105  7:43  Supply Depot  
  105  7:45  Supply Depot  
  105  7:46  Supply Depot, Hi-Sec Auto Tracking  
  105  7:57  SCV x2  
  103  8:03  Missile Turret  
  103  8:05  SCV  
  104  8:08  Cyclone x3  
  104  8:09  SCV  
  117  8:22  Cyclone  
  117  8:23  Supply Depot  
  117  8:25  Missile Turret  
  117  8:27  Supply Depot  
  121  8:33  Supply Depot  
  121  8:40  Cyclone x3  
  133  8:48  Armory  
  133  8:50  SCV  
  133  8:51  Armory, SCV x2  
  133  8:54  Cyclone  
  140  9:02  Supply Depot  
  140  9:03  SCV  
  141  9:10  Supply Depot  
  141  9:12  Cyclone  
  141  9:13  Cyclone x2  
  153  9:26  Cyclone  
  153  9:45  Cyclone x3, SCV  
  146  10:06  Cyclone  
  146  10:17  Cyclone x3  
  150  10:43  SCV x3  
  150  10:45  Cyclone  
  150  10:49  Cyclone  
  161  10:50  Command Center  
  161  10:53  Refinery  
  161  10:56  Supply Depot  
  161  10:57  Supply Depot, Refinery  
  153  11:25  Cyclone x2  
  153  11:26  Cyclone x2  
  165  11:33  Supply Depot  
  165  11:38  Supply Depot  
Tags
 
Add a new tag
Caveats
  • Supply blocks, unpowered buildings, or Contaminate may cause inaccurate times.
  • Supply counts are checked every 10 seconds.